 Dungeon Crawl Stone Soup version 0.27-b1-42-g19c61b19a5 (webtiles) character file.

Game seed: 15540445073739772111

68 pikapanic the Grave Robber (level 4, -11/33 HPs)
             Began as a Ghoul Necromancer on July 29, 2021.
             Killed by divine providence
             ... invoked by an orc priest
              (16 damage)
             ... on level 3 of the Dungeon.
             The game lasted 00:09:54 (3726 turns).

pikapanic the Grave Robber (Ghoul Necromancer)      Turns: 3726, Time: 00:09:55

Health: -11/33     AC:  2    Str: 11    XL:     4   Next: 19%
Magic:  2/6        EV: 12    Int: 11    God:
Gold:   125        SH:  0    Dex:  9    Spells: 3/8 levels left

rFire    . . .     SeeInvis .   e - +2 dagger (elec)
rCold    + . .     Faith    .   (no shield)
rNeg     + + +     Spirit   .   a - +0 robe
rPois    ∞         Reflect  .   (no helmet)
rElec    .         Harm     .   (no cloak)
rCorr    .         Rampage  .   (no gloves)
Will     .....                  (no boots)
Stlth    ++........             (no amulet)
HPRegen  0.00/turn              c - ring of wizardry
MPRegen  0.10/turn              (no ring)

@: inhibited regen
A: claws 1, cold resistance 1, negative energy resistance 3, inhibited
regeneration, torment resistance 2
a: no special abilities


You were on level 3 of the Dungeon.
You visited 1 branch of the dungeon, and saw 3 of its levels.

You collected 125 gold pieces.

Inventory:

Hand Weapons
 e - a +2 dagger of electrocution (weapon)
Armour
 a - a +0 robe (worn)
Jewellery
 c - a ring of wizardry (left claw)
Scrolls
 f - a scroll of enchant armour {unknown}
Potions
 b - 2 potions of curing
 d - 2 potions of haste {unknown}
 g - 2 potions of heal wounds {unknown}
 h - a potion of attraction {unknown}


   Skills:
 + Level 0.1 Fighting
 * Level 0.4 Short Blades
 - Level 1.7 Dodging
 + Level 2.2 Stealth
 + Level 1.1 Unarmed Combat
 + Level 2.5 Spellcasting
 + Level 4.7 Necromancy


You had 3 spell levels left.
You knew the following spells:

 Your Spells              Type           Power      Damage    Failure   Level
a - Pain                  Necr           44%        1d6       1%          1
b - Vampiric Draining     Necr           5%         2d6       4%          3
c - Animate Skeleton      Necr           22%        N/A       1%          1

Your spell library contained the following spells:

 Spells                   Type           Power      Damage    Failure   Level
 Animate Dead             Necr           5%         N/A       16%         4
 Agony                    Necr           11%        N/A       38%         5
 Borgnjor's Revivificati  Necr           Unusable   N/A       N/A         8
 Necromutation            Tmut/Necr      Unusable   N/A       N/A         8
 Death's Door             Necr           Unusable   N/A       N/A         9

Dungeon Overview and Level Annotations

Branches:
Dungeon (3/15)

Altars:
Hepliaklqana


Innate Abilities, Weirdness & Mutations

You thrive by killing the living.
You are immune to poison.
You have sharp fingernails.
Your flesh is cold resistant. (rC+)
You are immune to negative energy. (rN+++)
You do not regenerate when monsters are visible.
You are immune to unholy pain and torment.


Message History

Things that are here:
a +0 hand axe; a +0 leather armour; an orc corpse The orc priest shouts!
The orc priest looks satisfied for a moment.
Things that are here:
a +0 short sword; an orc corpse The orc priest invokes the aid of Beogh against you.
Beogh smites you!
Ouch! That really hurt!
Aiming: Pain (safe; 1% risk of failure)
Press: ? - help, Q - select action, (/) - cycle Shift-Dir - straight line, f - orc priest
Aim: an orc priest, wielding a +0 flail and wearing a +0 ring mail (chance to affect: 66%)
The orc priest writhes in agony.
You barely miss the orc priest.
The orc priest is moderately wounded.
You hit the orc priest but do no damage.
The orc priest is moderately wounded.
The orc priest hits you with a +0 flail.
You closely miss the orc priest.
The orc priest is moderately wounded.
The orc priest barely misses you.
Aiming: Pain (safe; 1% risk of failure)
Press: ? - help, Q - select action, (/) - cycle Shift-Dir - straight line, f/p - orc priest
Aim: an orc priest, wielding a +0 flail and wearing a +0 ring mail (moderately wounded, chance to affect: 66%)
The orc priest writhes in agony.
The orc priest begins to cast a cantrip, but forgets the words!
Casting: Pain (safe; 1% risk of failure)
Confirm with . or Enter, or press ? or * to list all spells.
Aiming: Vampiric Draining (dangerous; 4% risk of failure)
Press: ? - help, Shift-Dir - straight line, f/p - orc priest
Aim: an orc priest, wielding a +0 flail and wearing a +0 ring mail (moderately wounded)
You draw life force from the orc priest!
You feel life coursing into your body.
The orc priest mumbles some strange prayers to Beogh against you.
Beogh smites you!
* * * LOW HITPOINT WARNING * * *
The orc priest casts a cantrip, but nothing happens.
The orc priest calls down the wrath of Beogh upon you.
Beogh smites you!
You die...

....# #..........#
....###..........#
......#..)..)....#
............######
....##...##.####
###......##....####
###.####.##.##..).##
....# #....#####..####
.##########.....@o....#
.##....####..######..#$..
###.##.........# .)....
##.####......(# #.....
#..# #.......# .#...
##.## #.####.## .#...
...# ...# #.# .. .###
.#### #.# .# # #.#


You could see an orc priest.

Vanquished Creatures
  An adder (D:2)
  A worm (D:3)
  2 dart slugs (D:1)
  4 orcs (D:3)
  3 ball pythons (D:1)
  5 endoplasms
  A giant cockroach (D:1)
  5 goblins
  6 hobgoblins
  2 quokkas (D:1)
  3 bats
  4 frilled lizards
  4 kobolds
  5 rats
46 creatures vanquished.

Notes
Turn   | Place    | Note
-------+----------+-------------------------------------------
     0 | D:1      | pikapanic the Ghoul Necromancer began the quest for the
                  | Orb.
     0 | D:1      | Reached XP level 1. HP: 14/14 MP: 2/2
   845 | D:1      | Reached XP level 2. HP: 20/20 MP: 0/3
   881 | D:1      | Found a faded altar of an unknown god.
  1710 | D:1      | Reached XP level 3. HP: 26/26 MP: 3/5
  1897 | D:1      | Reached skill level 1 in Unarmed Combat
  2179 | D:1      | Learned a level 3 spell: Vampiric Draining
  2181 | D:1      | Learned a level 1 spell: Animate Skeleton
  2617 | D:2      | Found a hazy altar of Hepliaklqana.
  3432 | D:3      | Reached XP level 4. HP: 23/33 MP: 2/6
  3726 | D:3      | Killed from afar by an orc priest

Illustrated notes

Levels and vault maps discovered:
D:1:      roderic_chinese_lattice_arrival, layout_loops_ring,
          ebering_ecumenical_altar_webs
D:2:      layout_rooms, basic_altar, serial_co_window_serial, co_window_cross_1,
          co_window_paths_a, co_window_paths_a, co_window_paths_a,
          co_window_corner_a, co_window_paths_a, co_window_paths_a,
          co_window_broadway_a, co_window_2corner, co_window_2corner,
          co_window_corner_b, co_window_4corner_a, co_window_paths_e,
          glass_columns_b, glass_columns_c, glass_columns_a, due_unseen_surprise
D:3:      layout_rooms, uniq_terence

Skill      XL: |  1  2  3 |
---------------+----------+-----
Spellcasting   | 2 |  2.5
Unarmed Combat | 1 |  1.1
Fighting       | |  0.1
Short Blades   | |  0.4
Dodging        | |  1.7
Stealth        | |  2.2
Necromancy     | |  4.7

Action                   |  1- 3 |  4- 6 || total
-------------------------+-------+-------++-------
Melee: Unarmed           |    54 |       ||    54
       Dagger            |    23 |    14 ||    37
 Cast: Pain              |    63 |    10 ||    73
       Vampiric Draining |     1 |     1 ||     2
  Use: Scroll            |     4 |       ||     4
 Stab: Sleeping          |     1 |       ||     1
Armor: Robe              |    16 |       ||    16
Dodge: Dodged            |    49 |    13 ||    62
